 Dungeon Crawl Stone Soup version 0.25-a0-513-ge77a69270c (webtiles) character file.

Game seed: 11138787489259686066, levelgen mode: classic

513 EnegeticOcto the Chopper (level 7, 0/63 HPs)
             Began as a Deep Dwarf Fighter on Feb 16, 2020.
             Killed from afar by Ijyb (15 damage)
             ... with a bolt of acid
             ... on level 5 of the Dungeon.
             The game lasted 00:00:51 (624 turns).

EnegeticOcto the Chopper (Deep Dwarf Fighter)        Turns: 624, Time: 00:00:52

Health: 0/63       AC:  9    Str: 22    XL:     7   Next: 0%
Magic:  6/6        EV:  7    Int:  8    God:
Gold:   35         SH: 10    Dex: 12    Spells: 6/6 levels left

rFire    + . .     SeeInvis +   a - +0 war axe
rCold    . . .     Gourm    .   c - +0 kite shield
rNeg     . . .     Faith    .   m - +0 chain mail
rPois    .         Spirit   .   (no helmet)
rElec    +         Reflect  .   (no cloak)
rCorr    .         Harm     .   (no gloves)
MR       +....                  (no boots)
Stlth    ..........             (no amulet)
HPRegen  0.00/turn              h - ring of see invisible
MPRegen  0.10/turn              p - ring "Gymeosum" {rElec rF+, =R}

@: non-regenerating
A: damage resistance, heal wounds, sense surroundings 1, no regeneration
a: Heal Wounds


You were on level 5 of the Dungeon.
You were not hungry.

You visited 1 branch of the dungeon, and saw 6 of its levels.

You collected 35 gold pieces.

Inventory:

Hand Weapons
 a - a +0 war axe (weapon)
Armour
 b - a +0 scale mail
 c - a +0 kite shield (worn)
 m - a +0 chain mail (worn)
Jewellery
 h - a ring of see invisible (left hand)
 p - the ring "Gymeosum" (right hand) {rElec rF+, =R}
   (You found it on level 4 of the Dungeon)

   [ring of protection from fire]

   It protects you from fire.
   It insulates you from electricity.
Scrolls
 g - 2 scrolls of remove curse {unknown}
 j - a scroll of fear {unknown}
 k - a scroll of amnesia {unknown}
 l - 4 scrolls of identify {unknown}
 o - 2 scrolls of immolation {unknown}
Potions
 d - a potion of might {@q3}
 f - a potion of cancellation {unknown}
 n - a potion of curing {@q1}
 q - 3 potions of heal wounds {unknown}
 r - 2 potions of brilliance {unknown}
Comestibles
 e - 3 rations
 i - 18 chunks of flesh


   Skills:
 + Level 3.7 Fighting
 * Level 5.0 Axes
 + Level 4.6 Armour
 + Level 3.0 Dodging
 + Level 4.7 Shields


You had 6 spell levels left.
You didn't know any spells.
Your spell library was empty.

Dungeon Overview and Level Annotations

Branches:
Dungeon (6/15)
 Temple: D:4-7

Altars:

Annotations:
D:5 Ijyb


Innate Abilities, Weirdness & Mutations

You are resistant to damage.
You can heal yourself by infusing magical energy.
You passively map a small area around you.
You do not regenerate.


Message History

No target in view!
No target in view!
No target in view!
No target in view!
No target in view!
No target in view!
No target in view!
You feel much better.
You butcher the bullfrog corpse.
i - 11 chunks of flesh (gained 3)
You see here a bullfrog skeleton. x2
Found a ring mail.
Found a stone staircase leading down.
Found two stone staircases leading up.
No target in view!
No target in view!
No target in view!
No target in view!
No target in view!
No target in view!
A leopard gecko comes into view.
The leopard gecko hisses angrily.
There is a stone staircase leading up here.
You climb upwards.
There is a stone staircase leading down here.
An orc comes into view.
The orc shouts!
You hear an angry hiss.
An iguana comes into view.
There are monsters nearby!
There are monsters nearby!
The orc hits you but does no damage.
You hit the orc but do no damage. The orc hits you.
You closely miss the orc. The orc hits you but does no damage.
You closely miss the orc. You block the orc's attack. The orc hits you.
You slash the iguana!
The iguana is severely wounded.
You hit the orc. The orc hits you but does no damage.
You block the iguana's attack.
Your shield and chain mail prevent you from hitting the iguana.
The iguana is severely wounded.
Your chain mail prevents you from hitting the orc.
You block the orc's attack. The iguana bites you!
You closely miss the iguana.
The iguana is severely wounded.
You slash the orc!
You kill the orc!
The iguana bites you but does no damage.
You block the iguana's attack.
You slash the iguana!
You kill the iguana!
You have reached level 7!
You butcher the orc corpse.
i - 15 chunks of flesh (gained 4)
You see here an orc skeleton. x2
You butcher the iguana corpse.
i - 18 chunks of flesh (gained 3)
You see here an iguana skeleton. x2
Ijyb the Twisted Goblin comes into view.
She is carrying a wand of acid (12).
Ijyb shouts!
A ball python comes into view.
An adder comes into view.
There are monsters nearby!
There are monsters nearby!
The ball python hisses angrily.
The adder hisses angrily.
Found an orange potion.
A worker ant comes into view.
The worker ant twitches its antennae in your direction.
Found 17 gold pieces.
You miss the adder. You block the adder's attack.
Ijyb zaps a wand.
The bolt of acid misses you. The adder bites you but does no damage.
You closely miss the adder. You hit the ball python.
The ball python bites you but does no damage.
The ball python grabs you. The ball python constricts you.
Ijyb zaps a wand.
The bolt of acid hits the ball python!
The ball python is splashed with acid.
The acid corrodes the ball python!
The ball python dies!
The bolt of acid hits you!
You are splashed with acid!
You block the adder's attack. x2
You closely miss Ijyb. You barely miss the adder. You block the adder's attack.
You block Ijyb's attack.
You slash Ijyb!
Ijyb is moderately wounded.
Your chain mail prevents you from hitting the worker ant.
You miss the adder. You block the adder's attack.
You block the worker ant's attack. Ijyb hits you but does no damage.
The adder bites you but does no damage. The worker ant barely misses you.
You hit Ijyb.
Ijyb is severely wounded.
You hit the worker ant but do no damage.
You barely miss the adder. The adder bites you but does no damage.
You block Ijyb's attack. You block the worker ant's attack.
The adder bites you but does no damage.
You hit Ijyb.
Ijyb is severely wounded.
You hit the worker ant. You hit the adder.
The worker ant bites you but does no damage.
Ijyb zaps a wand.
The bolt of acid hits you!
You are splashed with acid!
* * * LOW HITPOINT WARNING * * *
You block the adder's attack. The worker ant completely misses you.
Ijyb zaps a wand.
The bolt of acid hits you!
You die...

, , ,
*#..........
#####..........,
............$..
.....$....!....
, .............
........... ,
......Sga# ,
.......@.# , ,
.#######.# , , ,
* #.#, , , #.# ,
, , #.#, , #.# ,
, ... #.# ** * ,
, ... #.# #.#
... #.# #.#


You could see Ijyb, a worker ant and an adder.

Vanquished Creatures
  2 ogres (D:4)
  A bullfrog (D:6)
  A water moccasin skeleton (D:4)
  A hound (D:4)
  An orc priest (D:4)
  2 orc wizards (D:4)
  An iguana (D:5)
  2 worker ants
  A shadow imp (D:3)
  A dart slug (D:3)
  A leopard gecko (D:4)
  11 orcs
  2 giant cockroaches
  A hobgoblin (D:3)
  2 jackals (D:3)
  A kobold (D:1)
  2 bats
  A goblin (D:3)
  2 rats (D:3)
36 creatures vanquished.

Vanquished Creatures (others)
  A ball python (D:5)
1 creature vanquished.

Grand Total: 37 creatures vanquished

Notes
Turn   | Place    | Note
-------+----------+-------------------------------------------
     0 | D:1      | EnegeticOcto the Deep Dwarf Fighter began the quest for the
                  | Orb.
     0 | D:1      | Reached XP level 1. HP: 20/20 MP: 1/1
    41 | D:2      | Noticed a worker ant
    47 | D:2      | Killed a worker ant
    47 | D:2      | Reached skill level 1 in Dodging
    47 | D:2      | Reached XP level 2. HP: 27/27 MP: 2/2
   104 | D:3      | Reached XP level 3. HP: 33/33 MP: 3/3
   209 | D:3      | Reached skill level 3 in Axes
   276 | D:4      | Noticed an ogre
   283 | D:4      | Killed an ogre
   283 | D:4      | Reached XP level 4. HP: 33/42 MP: 4/4
   283 | D:4      | Reached XP level 5. HP: 38/49 MP: 5/5
   293 | D:4      | Reached skill level 4 in Axes
   294 | D:4      | Reached XP level 6. HP: 36/56 MP: 5/5
   335 | D:4      | Got a transparent tin ring
   376 | D:4      | Identified the ring "Gymeosum" {rElec rF+} (You found it on
                  | level 4 of the Dungeon)
   545 | D:4      | You fall into a shaft and drop 2 floors!
   551 | D:6      | Reached skill level 5 in Axes
   576 | D:5      | Entered Level 5 of the Dungeon
   596 | D:5      | Reached XP level 7. HP: 55/63 MP: 6/6
   616 | D:5      | Noticed Ijyb
   624 | D:5      | Killed from afar by Ijyb

Levels and vault maps discovered:
D:1:      dpeg_arrival_long_road, layout_basic
D:2:      layout_loops_ring, kennysheep_slug_shrine, xom_redecorated
D:3:      layout_basic, lemuel_doored_altar
D:4:      layout_loops_ring
D:5:      layout_basic, lemuel_crystal_altar, first_ration, serial_shops, shop,
          uniq_prince_ribbit1, uniq_eustachio, uniq_ijyb, uniq_sigmund
D:6:      layout_loops_ring, temple_fountains, serial_shops, shop_scrolls

Skill      XL: |  1  2  3  4  5  6 |
---------------+-------------------+-----
Dodging        | 1 2 3 |  3.0
Axes           | 3 4 5 |  5.0
Fighting       | 3 |  3.7
Shields        | 4 |  4.7
Armour         | 4 |  4.6

Action                   |  1- 3 |  4- 6 |  7- 9 || total
-------------------------+-------+-------+-------++-------
Melee: War axe           |    45 |    55 |     6 ||   106
 Abil: Heal Wounds       |     1 |     4 |       ||     5
Armor: Scale mail        |    42 |    22 |       ||    64
       Chain mail        |       |    21 |     7 ||    28
Dodge: Dodged            |    27 |    27 |     3 ||    57
Block: Kite shield       |    41 |    42 |    10 ||    93

Table legend:
 A = Non-vault XP
 B = Vault XP
 C = Vault XP percentage of total XP
 D = Non-vault monster count
 E = Vault monster count
 F = Vault count percentage of total count
                 A         B        C        D         E       F
            +---------+---------+-------+---------+---------+-------
      Total |     734 |       0 |   0.0 |      37 |       0 |   0.0
            +---------+---------+-------+---------+---------+-------
        D:1 |       4 |       0 |   0.0 |       2 |       0 |   0.0
        D:2 |      35 |       0 |   0.0 |       2 |       0 |   0.0
        D:3 |      37 |       0 |   0.0 |      13 |       0 |   0.0
        D:4 |     525 |       0 |   0.0 |      16 |       0 |   0.0
        D:5 |      43 |       0 |   0.0 |       3 |       0 |   0.0
        D:6 |      90 |       0 |   0.0 |       1 |       0 |   0.0
            +---------+---------+-------+---------+---------+-------
